 Dungeon Crawl Stone Soup version 0.17.1-2-g5865329 (webtiles) character file.

402 Lonerover the Skirmisher (level 6, -12/41 HPs)
             Began as a Gargoyle Berserker on Jan 26, 2016.
             Was a Priest of Trog.
             Mangled by an ogre
             ... wielding a +0 giant spiked club
              (20 damage)
             ... while paralysed
             ... on level 3 of the Dungeon.
             The game lasted 00:50:04 (3479 turns).

Lonerover the Skirmisher (Gargoyle Berserker)       Turns: 3479, Time: 00:50:04

Health: -12/41     AC: 10    Str: 22      XL:     6   Next: 85%
Magic:  6/6        EV:  2    Int:  5 (8)  God:    Trog [***...]
Gold:   167        SH:  0    Dex:  9      Spells: 0 memorised, 5 levels left

rFire  . . .     SeeInvis .     a - +1 hand axe
rCold  . . .     Clarity  .     k - +0 ring mail
rNeg   + . .     SustAt   .     (no shield)
rPois  ∞         Gourm    .     (no helmet)
rElec  +         Spirit   .     (no cloak)
rCorr  .         Warding  .     v - +0 pair of gloves
rMut   .         Stasis   .     (no boots)
MR     .....                    h - amulet of rage
Stlth  ..........               (no ring)
                                (no ring)

@: paralysed, exhausted, slowed, not resistant to hostile enchantments,
extremely unstealthy
A: negative energy resistance 1, electricity resistance, unbreathing,
petrification resistance, rot immunity, AC +4
a: Berserk, Trog's Hand, Burn Spellbooks, Renounce Religion, Evoke Berserk Rage


You were on level 3 of the Dungeon.
You worshipped Trog.
Trog was most pleased with you.
You were not hungry.

You visited 1 branch of the dungeon, and saw 4 of its levels.

You collected 167 gold pieces.

Inventory:

Hand Weapons
 a - a +1 hand axe (weapon)
 j - a +0 dagger of venom
 m - a +3 dagger of flaming
Missiles
 f - 82 stones (quivered)
Armour
 b - a +0 animal skin
 d - a cursed -1 robe
 k - a +0 ring mail (worn)
 v - a +0 pair of gloves (worn)
 w - a cursed -1 pair of gloves
Jewellery
 h - an amulet of rage (around neck)
Scrolls
 n - a scroll of noise {unknown}
 o - a scroll of enchant weapon
 p - 2 scrolls of fog
 q - 3 scrolls of remove curse
 s - a scroll of random uselessness
 t - 3 scrolls of identify
 u - a scroll of immolation
Potions
 e - 4 potions of curing
 r - a potion of cancellation
Comestibles
 c - a bread ration
 g - 2 meat rations


   Skills:
 + Level 6.2 Fighting
 + Level 5.1 Axes
 - Level 2.1 Armour
 - Level 1.5 Dodging


You had 5 spell levels left.
You didn't know any spells.

Dungeon Overview and Level Annotations

Branches:
Dungeon (4/15)
 Temple: D:4-7

Altars:
The Shining One

Shops:
D:4 ?((


Innate Abilities, Weirdness & Mutations

You are resistant to torment.
Your stone body is resilient (AC +4).
You are immune to poison.
You resist negative energy.
You are resistant to electric shocks.
You can survive without breathing.
You are immune to petrification.
You are immune to rotting.


Message History

You slash the ogre!
The ogre is moderately wounded.
The ogre barely misses you.
You slash the ogre!
The ogre is severely wounded.
You hit the ogre.
The ogre is severely wounded.
The ogre hits you with a giant spiked club!!
* * * LOW HITPOINT WARNING * * *
You are too injured to fight recklessly!
You are too injured to fight recklessly!
You are too injured to fight recklessly!
You are too injured to fight recklessly!
You feel a strong urge to attack something.
You feel your anger subside.
You are no longer berserk.
You pass out from exhaustion.
You feel yourself slow down.
The ogre hits you with a giant spiked club!!
You die...

....# #.##..#.# #.# ....#
#.....#.# #.# ....#
#######.#.# #.# #####
#......<#.# #.# #...#
#.#####.#.# #.# #...#
#.........# #.#####
#...############(## #<....#
#..............#..###.###.#
#...##########.#@O........#
##.## #.#..#...##### ##.#
#########<#......# ...#
#.........#(#....# ####
#.#######.#.#....# #.....#
#.#.#....###
#####.###.#.#.#....#
#...#.#))......#
###.#.###......##


You could see an ogre.

Vanquished Creatures
  Grinder (D:3)
  An orc wizard (D:3)
  A worker ant (D:4)
  3 gnolls (D:3)
  3 adders
  An ooze (D:2)
  An adder skeleton (D:4)
  4 worms
  2 giant geckos
  4 orcs (D:3)
  A giant cockroach (D:3)
  13 hobgoblins
  10 jackals
  A quokka (D:2)
  A ball python (D:1)
  9 bats
  2 giant newts
  6 goblins
  A jackal skeleton (D:4)
  10 kobolds
  5 rats
80 creatures vanquished.

Notes
Turn   | Place    | Note
--------------------------------------------------------------
     0 | D:1      | Lonerover the Gargoyle Berserker began the quest for the Orb.
     0 | D:1      | Reached XP level 1. HP: 14/14 MP: 1/1
   375 | D:1      | Found a glowing golden altar of the Shining One.
   380 | D:1      | Reached XP level 2. HP: 18/20 MP: 2/2
   735 | D:1      | Reached skill level 4 in Fighting
   762 | D:1      | Reached ** piety under Trog
   791 | D:1      | Reached XP level 3. HP: 22/24 MP: 3/3
  1177 | D:2      | You fall through a shaft!
  1195 | D:3      | Reached XP level 4. HP: 20/30 MP: 4/4
  1419 | D:3      | Noticed Grinder
  1427 | D:3      | Killed Grinder
  1427 | D:3      | Reached skill level 5 in Fighting
  1427 | D:3      | Reached XP level 5. HP: 31/36 MP: 5/5
  1427 | D:3      | Reached XP level 6. HP: 35/41 MP: 6/6
  1557 | D:3      | Reached *** piety under Trog
  2370 | D:3      | Reached skill level 6 in Fighting
  2370 | D:3      | Reached skill level 5 in Axes
  2730 | D:4      | Found Puru's Magic Scroll Shoppe.
  2816 | D:4      | Found Yhyfa's Antique Weapon Emporium.
  2965 | D:4      | Found Kiumih's Antique Weapon Shop.
  3479 | D:3      | Mangled by an ogre

Action                   |  1- 3 |  4- 6 || total
-------------------------+-------+-------++-------
Melee: Hand axe          |   113 |   138 ||   251
Invok: Berserk           |       |     3 ||     3
  Use: Scroll            |     6 |     3 ||     9
       Potion            |       |     6 ||     6
  Eat: Chunk             |     1 |     2 ||     3
       Pizza             |       |     2 ||     2
       Meat ration       |       |     1 ||     1
